[Event "*** Titled Tuesday Blitz"]
[Site "Chess.com"]
[Date "2020.04.28"]
[Round "6"]
[White "Kosche007"]
[Black "Mizner"]
[Result "0-1"]
[WhiteElo "2303"]
[BlackElo "2473"]
[TimeControl "180+1"]
[EndTime "11:06:00 PDT"]
[Termination "Mizner won on time"]

1. e4 e6 2. d4 d5 3. Nd2 c5 4. Ngf3 cxd4 5. exd5 Qxd5 6. Bc4 Qc5 7. Qe2 Nc6 8. Nb3 Qb6 9. O-O Nge7 10. Rd1 Nf5 11. a4 Be7 12. a5 Qc7 13. Nbxd4 Nfxd4 14. Nxd4 Nxd4 15. Rxd4 O-O 16. Bf4 Qc5 17. c3 Rd8 18. b4 Qc6 19. Rxd8+ Bxd8 20. Rd1 Bd7 21. Rd6 Qc8 22. Qd3 Bc6 23. b5 Be8 24. a6 bxa6 25.
bxa6 Bc7 26. Rd4 e5 27. Bd5 Rb8 0-1

[Event "*** Titled Tuesday Blitz"]
[Site "Chess.com"]
[Date "2020.04.28"]
[Round "6"]
[White "Jumbo"]
[Black "lolo9292"]
[Result "1-0"]
[WhiteElo "2751"]
[BlackElo "2487"]
[TimeControl "180+1"]
[EndTime "11:06:01 PDT"]
[Termination "Jumbo won by resignation"]

1. d4 Nf6 2. Bf4 g6 3. Nc3 d5 4.
e3 c6 5. h4 Qb6 6. a3 Bg7 7. Be2 h5 8. b4 a5 9. b5 a4 10. Rb1 Qa5 11. Qd2 Nbd7 12. Nf3 O-O 13. O-O c5 14. dxc5 Nxc5 15. Nxd5 Nxd5 16. Qxd5 b6 17.
Nd4 e6 18. Qc4 Bb7 19. Bf3 Bxf3 20. gxf3 Rac8 21. Nc6 Qa8 22. Bd6 Rfe8 23. Bxc5 bxc5 24. Qxc5 Bf6 25. Qc4 Kh7 26. Rfd1 Qb7 27. Rd3 Rg8 28.
Rbd1 Rc7 29. Kf1 g5 30. hxg5 Rxg5 31. Qe4+ Rf5 32. c4 h4 33. Ke2 Qc8 34. Rg1 Qh8 35.
Rg4 Rc8 36. Rd5 Rg8 37. Rxf5 exf5 38. Qxf5+ Rg6 39. Qh5+ Kg7 40. Qxh8+ Kxh8 41. Rxg6 fxg6 42. b6 h3 43. Kf1 1-0

[Event "*** Titled Tuesday Blitz"]
[Site "Chess.com"]
[Date "2020.04.28"]
[Round "6"]
[White "Bubi6"]
[Black "Confer77"]
[Result "1-0"]
[WhiteElo "2644"]
[BlackElo "2479"]
[TimeControl "180+1"]
[EndTime "11:06:01 PDT"]
[Termination "Bubi6 won by resignation"]

1. e4 e6 2. d4 d5 3. Nc3 Nf6 4. e5 Nfd7 5. f4 c5 6. Nf3 Nc6 7. Be3 Be7 8. Qd2 O-O 9. Be2 b6 10. Nd1 cxd4 11. Nxd4 Nxd4 12. Bxd4 Nb8 13. O-O Nc6 14. Bf2 d4 15. Bf3 Bb7 16. Bxc6 Bxc6 17. Bxd4 Bc5 18. c3 Bxd4+ 19. cxd4 Qd5 20. Nc3 Qa5 21.
a3 Rad8 22. b4 Qa6 23. f5 exf5 24. d5 Rfe8 25. Qd4 g6 26. a4 Ba8 27. Rad1 Qc8 28. h3 Qc7 29. Rfe1 Rc8 30. Nb5 Qc2 31.
Nd6 Qxa4 32. Nxe8 Rxe8 33. e6 fxe6 34. Rxe6 Rd8 35. Re7 1-0

[Event "*** Titled Tuesday Blitz"]
[Site "Chess.com"]
[Date "2020.04.28"]
[Round "6"]
[White "jguerramzllo"]
[Black "NeverEverForever1990"]
[Result "0-1"]
[WhiteElo "2593"]
[BlackElo "2485"]
[TimeControl "180+1"]
[EndTime "11:06:01 PDT"]
[Termination "NeverEverForever1990 won by resignation"]

1. e4 e5 2. Nf3 Nc6 3. Bc4 Bc5 4. c3 Nf6 5. d3 O-O 6. O-O d5 7. exd5 Nxd5 8. Re1 Bg4 9. Nbd2 Nb6 10. Ne4 Be7 11.
Bb3 Kh8 12. h3 Bh5 13. Ng3 Bg6 14. Bc2 Bd6 15. Bg5 f6 16. Bh4 Qd7 17. Ne4 Rad8 18. d4 exd4 19. Nxd4 Nxd4 20. Qxd4 Be5 21. Qxd7 Rxd7 22.
Nc5 Bxc2 23. Nxd7 Nxd7 24. Re2 Bg6 25. Rd1 Bd6 26. Re3 Bf7 27. Bg3 Bxg3 28. Rxg3 Ne5 29. b3 g5 30. Rd4 Bg6 31. f4 gxf4 32. Rxf4 Kg7 33. Rd4 c5 34. Rd5 b6 35. a4 Kf7 36.
a5 Ke6 37. c4 Be4 38. Rd2 bxa5 39. Ra2 Rb8 40. Rxa5 Bc2 41. Rxc5 Rxb3 42. Rc7 Rxg3 43. Rxa7 Be4 0-1

[Event "*** Titled Tuesday Blitz"]
[Site "Chess.com"]
[Date "2020.04.28"]
[Round "6"]
[White "SummertimeFun"]
[Black "amiralfio"]
[Result "1-0"]
[WhiteElo "2570"]
[BlackElo "2486"]
[TimeControl "180+1"]
[EndTime "11:06:02 PDT"]
[Termination "SummertimeFun won on time"]

1. d4 Nf6 2. Nf3 g6 3. c4 Bg7 4. g3 O-O 5. Bg2 d5 6. O-O dxc4 7. Qc2 b5 8. Ne5 c6 9. Rd1 Bb7 10. b3 cxb3 11. axb3 Nfd7 12. Nc3 a6 13. Bf4 Qc8 14.
Rac1 Nxe5 15. dxe5 Nd7 16. Bh3 e6 17. Ne4 Nxe5 18.
Qc5 Qc7 19. Nd6 Nd7 20. Qe3 e5 21. Bg5 Nb6 22. Bg2 f6 23. Nxb7 fxg5 24. Rxc6 Qxb7 25. Rxb6 Qxb6 26. Qxb6 Rab8 27. Qe6+ Kh8 28. Rd7 Rbe8 29. Qxa6 e4 30. Qb7 Rg8 31. Bxe4 Ref8 32. Bd5 1-0

[Event "*** Titled Tuesday Blitz"]
[Site "Chess.com"]
[Date "2020.04.28"]
[Round "6"]
[White "realmadridtv"]
[Black "Larina_Marija"]
[Result "1-0"]
[WhiteElo "2300"]
[BlackElo "2152"]
[TimeControl "180+1"]
[EndTime "11:06:04 PDT"]
[Termination "realmadridtv won on time"]

1. d4 f5 2. c4 Nf6 3. Nc3 d6 4. Bg5 Nbd7 5. Nf3 e6 6. e4 fxe4 7. Nxe4 Be7 8. Bxf6 Nxf6 9. Bd3 O-O 10. O-O Nxe4 11.
Bxe4 Bf6 12. Qc2 g6 13. Rae1 Kg7 14. g3 c6 15. Kg2 Qc7 16. h4 Qf7 17. c5 dxc5 18.
Ne5 Bxe5 19. dxe5 Qe7 20. h5 Bd7 21. hxg6 h6 22. f4 Rad8 23. Rh1 Be8 24. Rxh6 Rh8 25. Rxh8 Kxh8 26. Rh1+ Kg8 27. Rh7 Qf8 28. Qe2 Rd7 29. Qh5 Rd2+ 30. Kf3 1-0

[Event "*** Titled Tuesday Blitz"]
[Site "Chess.com"]
[Date "2020.04.28"]
[Round "6"]
[White "archess2"]
[Black "ErikRonka"]
[Result "1-0"]
[WhiteElo "2238"]
[BlackElo "2411"]
[TimeControl "180+1"]
[EndTime "11:06:06 PDT"]
[Termination "archess2 won by checkmate"]

1. d4 d5 2. c4 c6 3. Nc3 Nf6 4. cxd5 cxd5 5. Nf3 Nc6 6. Bf4 Bf5 7. e3 e6 8. Bb5 Nd7 9. Qa4 Rc8 10. O-O a6 11.
Bxc6 Rxc6 12. Rfc1 Be7 13. Ne2 Qc8 14. Rxc6 Qxc6 15.
Qxc6 bxc6 16. Rc1 Bd3 17. Ng3 c5 18. dxc5 Nxc5 19. Nd4 g5 20. Bxg5 Bxg5 21. Rxc5 Kd7 22. Nf3 Bf6 23. b4 Rb8 24. a3 Bb2 25. Ra5 f6 26.
Nh5 Bb5 27. a4 Bc4 28. b5 axb5 29.
Ra7+ Kd6 30. axb5 h6 31. Ra6+ Kd7 32. Nd4 e5 33. Nxf6+ Ke7 34. Nf5+ Kf7 35. Nxh6+ Kg7 36. Nhg4 Rxb5 37. Ra7+ Kg6 38. h4 Be2 39. h5+ Kf5 40. Ra6 d4 41. e4+ Kg5 42. h6 Bxg4 43. Nxg4 Kxg4 44. h7 Rb8 45. Rg6+ Kf4 46. Rg8 d3 47. h8=Q d2 48. Qh4# 1-0

[Event "*** Titled Tuesday Blitz"]
[Site "Chess.com"]
[Date "2020.04.28"]
[Round "6"]
[White "TheBigBoss04"]
[Black "Unknown_IM"]
[Result "1-0"]
[WhiteElo "2733"]
[BlackElo "2500"]
[TimeControl "180+1"]
[EndTime "11:06:07 PDT"]
[Termination "TheBigBoss04 won by resignation"]

1. d4 d5 2. c4 c6 3. g3 Nf6 4. Bg2 Bf5 5. Nf3 e6 6. O-O Nbd7 7. a4 Be7 8. Nc3 h6 9. Nd2 O-O 10. e4 dxe4 11. Ndxe4 Nxe4 12. Nxe4 Nf6 13. Nc3 Rc8 14. a5 Bb4 15. Qa4 Be7 16. a6 b6 17. Bxc6 Qxd4 18. Be3 Qg4 19. Rac1 Bd3 20. Rfd1 Qxc4 21. Qxc4 Bxc4 22.
Bb7 Rcd8 23. Bxb6 axb6 24. Rxd8 Rxd8 25. a7 Bc5 26. a8=Q Rxa8 27. Bxa8 Kf8 28. Na4 Bd5 29.
Bxd5 exd5 30. Nxc5 bxc5 31. Rxc5 Ke7 32. Rc7+ Ke6 33.
b4 Nd7 34. b5 Kd6 35. Rc6+ Ke7 36. b6 Nb8 37. Rc8 Na6 38. b7 1-0

[Event "*** Titled Tuesday Blitz"]
[Site "Chess.com"]
[Date "2020.04.28"]
[Round "6"]
[White "IljaJoke"]
[Black "1977Ivan"]
[Result "0-1"]
[WhiteElo "2477"]
[BlackElo "2641"]
[TimeControl "180+1"]
[EndTime "11:06:09 PDT"]
[Termination "1977Ivan won by resignation"]

1. d4 d6 2. c4 e5 3. Nc3 exd4 4.
Qxd4 Nc6 5. Qd2 Nf6 6. g3 g6 7. Bg2 Bg7 8. b3 O-O 9. Bb2 Re8 10. Nh3 a5 11. O-O Ne5 12. Nf4 a4 13. Rad1 axb3 14.
axb3 h5 15. Ra1 Rxa1 16. Rxa1 h4 17. Ra7 c6 18. Ra1 Qb6 19. Qc2 Bf5 20. e4 Bg4 21.
Na4 Qc7 22. h3 Bf3 23. Bxf3 Nxf3+ 24. Kg2 Ng5 25. f3 hxg3 26. h4 Ne6 27. Nxe6 Rxe6 28.
Rd1 Nh5 29. Bxg7 Kxg7 30. Qc3+ Kg8 31. Qe3 Qe7 32. Qg5 Qxg5 33. hxg5 Re5 34. Rxd6 Rxg5 35.
Nc3 Nf4+ 36. Kg1 g2 0-1

[Event "*** Titled Tuesday Blitz"]
[Site "Chess.com"]
[Date "2020.04.28"]
[Round "6"]
[White "JSMastropiero"]
[Black "Paladin61"]
[Result "0-1"]
[WhiteElo "2428"]
[BlackElo "2591"]
[TimeControl "180+1"]
[EndTime "11:06:09 PDT"]
[Termination "Paladin61 won by resignation"]

1. e4 c5 2. Nf3 d6 3. Bb5+ Nd7 4. d4 cxd4 5. Qxd4 a6 6. Bxd7+ Bxd7 7. Nc3 Rc8 8. Bg5 h6 9. Bh4 e5 10. Qd2 g5 11. Bg3 Nf6 12. O-O b5 13. Rfe1 Qc7 14. Rac1 Be7 15. h4 g4 16. Nh2 Qc4 17.
a3 a5 18. Nf1 b4 19. axb4 axb4 20. Nd5 Nxe4 21. Rxe4 Qxe4 22. Nxe7 Kxe7 23. Ne3 Be6 24. Re1 h5 25. c4 bxc3 26. bxc3 Qc6 27. c4 f6 28. Nd5+ Bxd5 29. cxd5 Qc3 30. Qa2 Qxe1+ 0-1

[Event "*** Titled Tuesday Blitz"]
[Site "Chess.com"]
[Date "2020.04.28"]
[Round "6"]
[White "Khamrakulov_Djurabek"]
[Black "agus_k"]
[Result "1-0"]
[WhiteElo "2814"]
[BlackElo "2595"]
[TimeControl "180+1"]
[EndTime "11:06:10 PDT"]
[Termination "Khamrakulov_Djurabek won on time"]

1. e4 c5 2. c3 d6 3. d4 Nf6 4. Bd3 Nbd7 5. Nf3 g6 6. e5 dxe5 7.
dxe5 Ng4 8. e6 fxe6 9. Qa4 Nf6 10. Ng5 Qb6 11. O-O Bg7 12. Re1 e5 13. Qc4 Rf8 14.
a4 e4 15. a5 Qc6 16. Bc2 Ne5 17.
Qa2 Bd7 18. Nxe4 O-O-O 19. a6 b6 20. Nxf6 Qxf6 21. f4 Qh4 22. Rf1 Ng4 23. h3 Nf6 24. Nd2 Bc6 25. Qe6+ Kc7 26. Nf3 Rd6 27. Qxe7+ Rd7 28.
Qxd7+ Nxd7 29. Nxh4 1-0

[Event "*** Titled Tuesday Blitz"]
[Site "Chess.com"]
[Date "2020.04.28"]
[Round "6"]
[White "Savagelittlemole"]
[Black "aakankshachess"]
[Result "0-1"]
[WhiteElo "2600"]
[BlackElo "2480"]
[TimeControl "180+1"]
[EndTime "11:06:11 PDT"]
[Termination "aakankshachess won by resignation"]

1. e4 e5 2. Nf3 Nc6 3. Bb5 a6 4.
Ba4 Nf6 5. O-O Nxe4 6. d4 b5 7. Bb3 d5 8. Re1 Be7 9. h3 O-O 10. dxe5 Be6 11. c3 Qd7 12. Nbd2 Nc5 13. Bc2 d4 14. cxd4 Nxd4 15. Nxd4 Qxd4 16. Nf3 Qxd1 17. Rxd1 Rad8 18. Be3 Bd5 19. Nd4 g6 20. f3 Ne6 21. a3 Nxd4 22. Bxd4 Bxf3 23. gxf3 Rxd4 24. Rxd4 Bc5 25. Rd1 Rd8 26. Kg2 Rxd4 27. Rxd4 Bxd4 28. b3 Bxe5 29. Be4 Bb2 30. a4 bxa4 31. bxa4 a5 32.
Kf2 f5 33. Bc2 Kf7 34. Ke3 Kf6 35. f4 h6 36. Kf3 Bc1 37. Bb3 g5 38. fxg5+ hxg5 39. Bc2 Ke5 40. Bb1 c5 41. Bc2 c4 42. Bb1 c3 43.
Bc2 Bd2 44. Bb1 Be1 45. Bc2 f4 46. Bb1 Kd4 47. Bc2 Kc4 48. Ke4 Kb4 49. Bd1 Ka3 50. Kd3 Kb2 51. Bc2 f3 52. Bd1 f2 53. Ke2 c2 0-1

[Event "*** Titled Tuesday Blitz"]
[Site "Chess.com"]
[Date "2020.04.28"]
[Round "6"]
[White "Skatchkov_V"]
[Black "FranciscodelaF"]
[Result "0-1"]
[WhiteElo "2552"]
[BlackElo "2402"]
[TimeControl "180+1"]
[EndTime "11:06:12 PDT"]
[Termination "FranciscodelaF won by resignation"]

1. d4 d5 2. c4 e6 3. Nf3 Nf6 4.
g3 dxc4 5. Bg2 Nc6 6. Qa4 Bb4+ 7.
Bd2 Nd5 8. Bxb4 Nxb4 9. Na3 Rb8 10. O-O O-O 11. Rfd1 a6 12. Rd2 b5 13. Qd1 Bb7 14.
e4 Qe7 15. b3 c3 16. Re2 Rfd8 17. Qc1 Nxd4 18. Nxd4 Rxd4 19. Qxc3 Rbd8 20. Ree1 Nd3 21. Nc2 Nxe1 22. Nxd4 Nxg2 23. Kxg2 Bxe4+ 24. f3 Qf6 25. fxe4 Qxd4 26. Qxd4 Rxd4 27. Rc1 Rxe4 28. Rxc7 g6 29.
Kf2 Rd4 30. Ke2 Rd6 31. Rc8+ Kg7 32. a3 h5 33. b4 Kf6 34. Rc7 e5 35. Ke3 Ke6 36. Rc8 f5 37. Rg8 Kd5 38. Rc8 Rc6 39.
Rd8+ Kc4 40. Rd3 e4 41. Rd1 Kb3 42. Ra1 Kb2 43. Rd1 Kxa3 44. Rd4 Ka4 45. Kf4 a5 46. bxa5+ b4 47. Kg5 Ka3 48. Rd8 b3 49. Rb8 Ra6 50. Rb6 Rxb6 0-1

[Event "*** Titled Tuesday Blitz"]
[Site "Chess.com"]
[Date "2020.04.28"]
[Round "6"]
[White "DaggiGretarsson"]
[Black "Efremov_Vlad"]
[Result "1-0"]
[WhiteElo "2448"]
[BlackElo "2155"]
[TimeControl "180+1"]
[EndTime "11:06:14 PDT"]
[Termination "DaggiGretarsson won by resignation"]

1. d4 d5 2. Nf3 Nf6 3. g3 Bf5 4.
Bg2 e6 5. O-O Be7 6. c4 c6 7.
Nc3 O-O 8. Qb3 Qb6 9. c5 Qxb3 10. axb3 Nbd7 11. b4 a6 12. Nd2 Rad8 13. Nb3 e5 14. e3 Rfe8 15. Na5 Rb8 16. Bd2 Bd8 17. Rfe1 Bxa5 18.
bxa5 e4 19. Ra4 h5 20. Rb4 Nh7 21. Ra1 Nhf8 22. Ra3 Ne6 23. Rab3 Nd8 24. Bf1 Rc8 25.
Na4 Rc7 26. Be2 Nf6 27. Rb6 g5 28. Bxa6 bxa6 29. Rxa6 Bc8 30. Ra8 Ra7 31. Rxa7 1-0

[Event "*** Titled Tuesday Blitz"]
[Site "Chess.com"]
[Date "2020.04.28"]
[Round "6"]
[White "ntmh281"]
[Black "CraiggoryC"]
[Result "1-0"]
[WhiteElo "2267"]
[BlackElo "2066"]
[TimeControl "180+1"]
[EndTime "11:06:14 PDT"]
[Termination "ntmh281 won by resignation"]

1. d4 Nf6 2. Nf3 e6 3. Bf4 b6 4. e3 Bb7 5. Bd3 c5 6. O-O cxd4 7. exd4 Be7 8. c3 d6 9. h3 O-O 10. Nbd2 Nbd7 11. Qe2 a6 12. Rfe1 Re8 13. a4 Bf8 14. Bh2 g6 15. Nc4 Qc7 16. Rac1 Rac8 17. Ne3 e5 18. Bxa6 Bxa6 19. Qxa6 Ra8 20. Qb5 Ra5 21.
Qb3 Rea8 22. Ng5 Nb8 23. dxe5 dxe5 24. Nc4 Rxa4 25. Nxe5 Nc6 26. Nexf7 Qb7 27. Nd6+ 1-0

[Event "*** Titled Tuesday Blitz"]
[Site "Chess.com"]
[Date "2020.04.28"]
[Round "6"]
[White "GMKrikor"]
[Black "almo64"]
[Result "0-1"]
[WhiteElo "2735"]
[BlackElo "2844"]
[TimeControl "180+1"]
[EndTime "11:06:15 PDT"]
[Termination "almo64 won by resignation"]

1. Nf3 d5 2. c4 d4 3. b4 c5 4. e3 dxe3 5. fxe3 cxb4 6. d4 Nf6 7. a3 bxa3 8. Bd3 g6 9. O-O Bg7 10. Bxa3 O-O 11. Nc3 Bg4 12. h3 Bxf3 13. Qxf3 Nc6 14.
Nd5 Rc8 15. Rab1 b6 16. Nxf6+ Bxf6 17. Be4 Qd7 18. c5 Na5 19. cxb6 axb6 20. Rxb6 Nc4 21. Rxf6 Nd2 22. Qf4 Nxf1 23. Rb6 Nd2 24. Rb7 Qa4 25.
Bxe7 Qd1+ 26. Kf2 Qf1+ 27. Kg3 Qe1+ 28. Kg4 Nxe4 29. Bxf8 f5+ 0-1

[Event "*** Titled Tuesday Blitz"]
[Site "Chess.com"]
[Date "2020.04.28"]
[Round "6"]
[White "ftorodent"]
[Black "Szparu"]
[Result "1-0"]
[WhiteElo "2684"]
[BlackElo "2510"]
[TimeControl "180+1"]
[EndTime "11:06:15 PDT"]
[Termination "ftorodent won on time"]

1. d4 Nf6 2. c4 g6 3. Nc3 Bg7 4. e4 d6 5. Nf3 O-O 6. Be2 e5 7. O-O Nc6 8. Be3 Bg4 9. d5 Ne7 10. Nd2 Bxe2 11. Qxe2 a5 12. c5 Nd7 13. cxd6 cxd6 14. Nc4 Ra6 15. Nb5 Nc8 16. Rac1 f5 17.
f3 f4 18. Bf2 g5 19. Nca3 Rf7 20. Nc7 Nc5 21. Nxa6 Nxa6 22. Qc4 Nc5 23. Bxc5 dxc5 24.
Qxc5 Nd6 25. Nb5 Bf8 26. Nxd6 Bxd6 27. Qc8 Qxc8 28. Rxc8+ Kg7 29. Rfc1 b6 30. R1c6 Bc5+ 31. Kf1 g4 32. R8c7 gxf3 33. gxf3 Kg8 34. Rxf7 Kxf7 35. Kg2 a4 36. b3 axb3 37. axb3 Ke7 38. Kh3 Kd7 39.
Kg4 1-0

[Event "*** Titled Tuesday Blitz"]
[Site "Chess.com"]
[Date "2020.04.28"]
[Round "6"]
[White "woodhy"]
[Black "gross-aleks"]
[Result "1-0"]
[WhiteElo "2369"]
[BlackElo "2498"]
[TimeControl "180+1"]
[EndTime "11:06:16 PDT"]
[Termination "woodhy won by resignation"]

1. e4 c5 2. Nf3 d6 3. d4 cxd4 4.
Nxd4 Nf6 5. f3 Nc6 6. c4 Nxd4 7.
Qxd4 g6 8. Nc3 Bg7 9. Be3 O-O 10. Qd2 Nd7 11. Be2 b6 12. O-O Bb7 13. Rac1 Rc8 14. Rfd1 Nc5 15. b4 Ne6 16. Nd5 Kh8 17. f4 Re8 18. Bg4 Rb8 19. Qe2 Nf8 20. h4 e6 21.
Nc3 Qxh4 22. Rxd6 Rbd8 23. Rxd8 Rxd8 24. Bf3 Qe7 25. c5 Nd7 26. Nb5 bxc5 27. bxc5 a6 28. Nd6 Bc6 29. Qxa6 Nb8 30. Qb6 f5 31. e5 Bxf3 32. Qxd8+ Qxd8 33. Nf7+ Kg8 34. Nxd8 Bd5 35. c6 Nxc6 36. Nxc6 g5 37. Ne7+ Kf7 38. Nxd5 1-0

[Event "*** Titled Tuesday Blitz"]
[Site "Chess.com"]
[Date "2020.04.28"]
[Round "6"]
[White "bancsoo"]
[Black "Guachiney"]
[Result "1-0"]
[WhiteElo "2689"]
[BlackElo "2825"]
[TimeControl "180+1"]
[EndTime "11:06:17 PDT"]
[Termination "bancsoo won by checkmate"]

1. Nf3 g6 2. g3 Bg7 3. d4 d5 4. Bg2 Nf6 5. O-O O-O 6. c4 Nc6 7. Na3 dxc4 8. Nxc4 Be6 9. b3 a5 10. Bb2 a4 11. Ng5 Bd5 12. e4 Bxc4 13. bxc4 Nd7 14. Nf3 Nb6 15. Rc1 e6 16. c5 Nd7 17. Qc2 Nf6 18. Rcd1 Re8 19. a3 Na5 20. e5 Nd5 21.
Qxa4 b6 22. Nd2 bxc5 23. dxc5 Qb8 24. Qc2 Nc6 25. Nc4 Qb5 26. Bxd5 exd5 27. Rxd5 Ra4 28. Rc1 Rb8 29. Ba1 Rxc4 30. Qxc4 Qxc4 31. Rxc4 Rb1+ 32. Kg2 Rxa1 33. f4 Ra2+ 34. Kh3 Rxa3 35. Rd7 Ra7 36. Rc2 Bf8 37. Kg4 Be7 38. Re2 Kf8 39.
e6 f5+ 40. Kh3 Ke8 41. Rb2 h5 42. Kg2 Nd8 43. Rb8 Bxc5 44. Rbxd8# 1-0

[Event "*** Titled Tuesday Blitz"]
[Site "Chess.com"]
[Date "2020.04.28"]
[Round "6"]
[White "MrRooke6"]
[Black "GM_DarwinLaylo"]
[Result "1-0"]
[WhiteElo "2439"]
[BlackElo "2564"]
[TimeControl "180+1"]
[EndTime "11:06:18 PDT"]
[Termination "MrRooke6 won by resignation"]

1. e4 d5 2. exd5 Nf6 3. d4 Bg4 4. Nf3 Qxd5 5. Be2 Nc6 6. h3 Bh5 7. c4 Qd6 8. d5 Ne5 9. g4 Bg6 10. Nc3 O-O-O 11. Be3 a6 12. Qd4 Nxf3+ 13. Bxf3 e5 14. Qa7 e4 15. c5 exf3 16. cxd6 Bxd6 17. O-O-O Ne4 18. Nxe4 Bxe4 19. Qa8+ Kd7 20. Qxb7 Rb8 21. Qc6+ Kd8 22. Rhe1 Re8 23. Rd4 Be5 24. Bg5+ f6 25.
Rexe4 fxg5 26. d6 1-0

[Event "*** Titled Tuesday Blitz"]
[Site "Chess.com"]
[Date "2020.04.28"]
[Round "6"]
[White "fugadelafuga"]
[Black "AleksanderHnydiuk"]
[Result "0-1"]
[WhiteElo "2402"]
[BlackElo "2576"]
[TimeControl "180+1"]
[EndTime "11:06:18 PDT"]
[Termination "AleksanderHnydiuk won by resignation"]

1. Nf3 d5 2. g3 Bg4 3. Bg2 Nd7 4. O-O c6 5. b3 e5 6. Bb2 Bd6 7. c4 d4 8. h3 Bh5 9. d3 Ne7 10. Ng5 O-O 11. Ne4 Bc7 12. g4 Bg6 13. Ba3 f5 14. gxf5 Bxf5 15. Nd6 Bxd6 16. Bxd6 Rf6 17. Bxe7 Qxe7 18.
Nd2 Rh6 19. Ne4 Qh4 20. Qe1 Bxe4 21. dxe4 Rg6 22. Kh1 Rf8 23. f3 Qf4 24. Qf2 Nf6 25.
Qg1 Nh5 26. Qh2 Ng3+ 27. Kg1 Nxe2+ 28. Kh1 Ng3+ 29. Kg1 Qe3+ 30. Rf2 Nxe4 31. Rf1 Nxf2 32. Rxf2 Rxf3 33. Qxe5 Qxf2+ 0-1

[Event "*** Titled Tuesday Blitz"]
[Site "Chess.com"]
[Date "2020.04.28"]
[Round "6"]
[White "TzoumpasAnastasis"]
[Black "KinKaiser"]
[Result "0-1"]
[WhiteElo "2195"]
[BlackElo "2528"]
[TimeControl "180+1"]
[EndTime "11:06:18 PDT"]
[Termination "KinKaiser won by resignation"]

1. e4 c5 2. Nf3 d6 3. c3 Nf6 4.
Be2 g6 5. O-O Bg7 6. Re1 O-O 7.
Bf1 Nc6 8. h3 e5 9. d3 d5 10.
exd5 Nxd5 11. a3 Re8 12. Nbd2 b6 13. Nc4 Bb7 14. Bd2 b5 15. Ne3 Nf4 16. Qc2 Qd7 17. Rad1 Rad8 18. Bc1 h6 19. b4 cxb4 20. axb4 Kh7 21.
d4 exd4 22. Bxb5 d3 23. Qa4 a6 24. Bc4 Nxh3+ 25. gxh3 Qxh3 26. Nh2 Nd4 27. Nd5 Ne2+ 28. Rxe2 dxe2 29. Re1 Bxc3 30. Nf4 Bxe1 31. Nxh3 Bxf2+ 32. Nxf2 e1=Q+ 33. Nf1 Qxc1 34. Bxf7 Qg5+ 0-1

[Event "*** Titled Tuesday Blitz"]
[Site "Chess.com"]
[Date "2020.04.28"]
[Round "6"]
[White "Blagorod"]
[Black "vanyakuba"]
[Result "0-1"]
[WhiteElo "2147"]
[BlackElo "2406"]
[TimeControl "180+1"]
[EndTime "11:06:18 PDT"]
[Termination "vanyakuba won by resignation"]

1. e4 d5 2. exd5 Qxd5 3. Nf3 Nf6 4. d4 Bg4 5. Be2 Nc6 6. h3 Bh5 7. c4 Qf5 8. d5 Ne5 9. Nxe5 Qxe5 10. Nc3 Bxe2 11. Qxe2 Qxe2+ 12. Nxe2 O-O-O 13. O-O g6 14. b3 Bg7 15. Bb2 Nh5 16. Bxg7 Nxg7 17. Rfe1 e6 18. dxe6 Nxe6 19. Rad1 Rxd1 20. Rxd1 Re8 21. Kf1 c6 22. g3 Kc7 23. Nd4 Nc5 24. Re1 Rxe1+ 25. Kxe1 Nd3+ 26.
Kf1 Nc1 27. a3 c5 28. Nb5+ Kb6 29. Nd6 Nxb3 30. Nxf7 Nd2+ 31. Ke2 Nxc4 32. f4 Nxa3 33.
g4 Kc6 34. Ng5 c4 35. Nxh7 b5 36. f5 gxf5 37. gxf5 Kd5 38. Ng5 Ke5 39. Nf3+ Kxf5 40. Kd2 b4 41. Nd4+ Ke4 42. Nc6 c3+ 43. Kc1 b3 0-1

[Event "*** Titled Tuesday Blitz"]
[Site "Chess.com"]
[Date "2020.04.28"]
[Round "6"]
[White "Warerman"]
[Black "Playgood28"]
[Result "1-0"]
[WhiteElo "2448"]
[BlackElo "2222"]
[TimeControl "180+1"]
[EndTime "11:06:18 PDT"]
[Termination "Warerman won by checkmate"]

1. d4 f5 2. g3 Nf6 3. Bg2 g6 4. Nf3 Bg7 5. O-O d6 6. b3 O-O 7. Bb2 Ne4 8. Nbd2 Nxd2 9. Qxd2 Nc6 10. Rad1 Qe8 11. Rfe1 e5 12. dxe5 dxe5 13. e4 f4 14. Qe2 Bg4 15. h3 Bxf3 16. Bxf3 fxg3 17. fxg3 Rd8 18. Rd5 Nd4 19. Bxd4 exd4 20. Kg2 Rxd5 21. exd5 Qxe2+ 22. Rxe2 Kf7 23. d6 cxd6 24. Bd5+ Kf6 25.
Re6+ Kg5 26. h4+ Kh6 27. g4 Be5 28. Re7 d3 29. g5+ Kh5 30. Kh3 h6 31. Rh7 Rh8 32.
Bf3# 1-0

[Event "*** Titled Tuesday Blitz"]
[Site "Chess.com"]
[Date "2020.04.28"]
[Round "6"]
[White "manmanlai1"]
[Black "harkerchess"]
[Result "1-0"]
[WhiteElo "2298"]
[BlackElo "2017"]
[TimeControl "180+1"]
[EndTime "11:06:19 PDT"]
[Termination "manmanlai1 won by resignation"]

1. e4 e5 2. Nf3 Nc6 3. Bb5 a6 4.
Ba4 Nf6 5. Bxc6 dxc6 6. d3 Bd6 7.
Nbd2 O-O 8. Nf1 Be6 9. Ng3 Qd7 10.
O-O Rad8 11. Bg5 Kh8 12. Qe2 Bg4 13. h3 Be6 14. Qe3 c5 15. b3 Rg8 16. a4 b6 17. Kh2 c6 18. a5 b5 19. c4 b4 20.
Rad1 Qc7 21. Kh1 Qxa5 22. Nh4 Qc7 23. Bxf6 gxf6 24. Qh6 Be7 25. Nh5 f5 26. Nf6 Bxf6 27. Qxf6+ Rg7 28. exf5 Bc8 29. Rfe1 Re8 30. Nf3 Qd7 31.
g4 e4 32. dxe4 Qe7 33. Qxe7 Rxe7 34. f6 1-0

[Event "*** Titled Tuesday Blitz"]
[Site "Chess.com"]
[Date "2020.04.28"]
[Round "6"]
[White "KingCrusher275"]
[Black "DFeco"]
[Result "1-0"]
[WhiteElo "2343"]
[BlackElo "2185"]
[TimeControl "180+1"]
[EndTime "11:06:19 PDT"]
[Termination "KingCrusher275 won by resignation"]

1. d4 d5 2. c4 c6 3. Nf3 Nf6 4. e3 Bf5 5. Nc3 a6 6. Qb3 Ra7 7. c5 Nbd7 8. Be2 h6 9. O-O e6 10. Rd1 Be7 11. Bd2 O-O 12. a3 Re8 13. Qa2 Bf8 14. b4 e5 15. dxe5 Nxe5 16. Nd4 Bg4 17. f3 Bh5 18. Na4 Bg6 19. Qb3 Nfd7 20. f4 Nc4 21.
Bxc4 dxc4 22. Qxc4 Be4 23. Nc3 Nf6 24. Nxe4 Nxe4 25. Be1 Qf6 26. Nf3 Raa8 27. Ne5 Rad8 28. Qxe4 Rxd1 29. Rxd1 Rd8 30. Rxd8 Qxd8 31. Qc4 Qd1 32.
Qxf7+ Kh7 33. Kf1 1-0

[Event "*** Titled Tuesday Blitz"]
[Site "Chess.com"]
[Date "2020.04.28"]
[Round "6"]
[White "Sjakkerntobi"]
[Black "ParvizGasimov"]
[Result "0-1"]
[WhiteElo "2181"]
[BlackElo "2325"]
[TimeControl "180+1"]
[EndTime "11:06:19 PDT"]
[Termination "ParvizGasimov won by checkmate"]

1. e4 e6 2. d4 d5 3. Nd2 c5 4. Ngf3 cxd4 5. Nxd4 Nf6 6. e5 Nfd7 7. f4 Nc6 8. N2f3 g6 9. c3 Bg7 10. Bd3 O-O 11.
h4 Nc5 12. Bc2 f6 13. Qe2 fxe5 14. fxe5 Nxd4 15. Nxd4 Qc7 16. h5 Qxe5 17. hxg6 Qg3+ 18. Kd1 e5 19. gxh7+ Kh8 20. Nf3 e4 21. Bh6 Bxh6 22. Rxh6 exf3 23. Qe7 Bg4 24. Rf6 fxg2+ 25. Kd2 Ne6 26. Rg6 Qf4+ 27. Kd3 Qf3+ 28. Kd2 Qf2+ 29. Kd3 Rf3# 0-1

[Event "*** Titled Tuesday Blitz"]
[Site "Chess.com"]
[Date "2020.04.28"]
[Round "6"]
[White "Zurability"]
[Black "dimke2802"]
[Result "1-0"]
[WhiteElo "2700"]
[BlackElo "2501"]
[TimeControl "180+1"]
[EndTime "11:06:20 PDT"]
[Termination "Zurability won by resignation"]

1. d4 Nf6 2. c4 g6 3. Nf3 Bg7 4. Nc3 d6 5. e4 O-O 6. h3 e5 7.
d5 Nh5 8. g3 Na6 9. Nh2 Nc5 10.
Bg2 a5 11. Be3 c6 12. h4 cxd5 13. cxd5 Bd7 14. Bf3 Nf6 15. g4 b5 16. g5 Ne8 17. h5 b4 18. Ne2 Bb5 19. Bxc5 dxc5 20. hxg6 fxg6 21. Bg4 Bd7 22. Qd2 Nd6 23. Qe3 Rf7 24.
Be6 Bxe6 25. dxe6 Re7 26. O-O-O Rxe6 27. Qh3 Qxg5+ 28. f4 Qe7 29. Ng4 h5 30. f5 gxf5 31.
exf5 Qg5+ 32. Ne3 Nxf5 33. Qxf5 Qxe3+ 34. Kb1 Rf6 35. Qxh5 a4 36. Qh7+ Kf8 37. Rd7 Qg5 38.
Rg1 Qf5+ 39. Qxf5 Rxf5 40. Rdxg7 b3 41. Rg8+ Kf7 42. Rxa8 1-0